 Dungeon Crawl Stone Soup version 0.23.1 (webtiles) character file.

Game seed: 0

19549 teukkam the Protected (level 12, -5/111 HPs)
             Began as a Minotaur Fighter on Mar 14, 2019.
             Was a Believer of Uskayaw.
             Slain by an orc warlord
             ... wielding a +0 glaive
              (32 damage)
             ... on level 2 of the Orcish Mines.
             The game lasted 00:58:54 (14758 turns).

teukkam the Protected (Minotaur Fighter)           Turns: 14758, Time: 00:58:54

Health: -5/111     AC: 13    Str: 22    XL:     12   Next: 37%
Magic:  34/34      EV: 10    Int:  5    God:    Uskayaw [**....]
Gold:   754        SH: 12    Dex: 10    Spells: 11/11 levels left

rFire    + + +     SeeInvis .   a - +7 dagger of Wariness {freeze, rElec rF++ rN+ Str-4}
rCold    + . .     Gourm    .   c - +0 shield
rNeg     + . .     Faith    .   u - +4 ring mail {MR+}
rPois    .         Spirit   .   (helmet restricted)
rElec    +         Reflect  .   H - scarf {rC+ rF+}
rCorr    .         Harm     .   q - +0 pair of gloves
MR       +....                  (no boots)
Stlth    ..........             Q - amulet of magic regeneration
HPRegen  0.28/turn              N - ring of magical power
MPRegen  0.49/turn              D - ring of magical power

@: no status effects
A: retaliatory headbutt, horns 2
a: Stomp, Line Pass, Renounce Religion


You were on level 2 of the Orcish Mines.
You worshipped Uskayaw.
Uskayaw was noncommittal.
You were not hungry.

You visited 3 branches of the dungeon, and saw 15 of its levels.
You also visited: Ossuary.

You collected 873 gold pieces.
You spent 119 gold pieces at shops.

Inventory:

Hand Weapons
 a - the +7 dagger of Wariness (weapon) {freeze, rElec rF++ rN+ Str-4}
   (You bought it in a shop on level 8 of the Dungeon)

   It has been specially enchanted to freeze those struck by it, causing extra
   injury to most foes and up to half again as much damage against particularly
   susceptible opponents.
   It can also slow down cold-blooded creatures.
   It affects your strength (-4).
   It greatly protects you from fire.
   It insulates you from electricity.
   It protects you from negative energy.
 b - a +0 blowgun
 s - a +1 dagger of speed
 t - a +1 dagger of draining
 F - a +1 war axe
 K - a +4 war axe
 L - the +1 rapier of Checkmate {pierce, Str+5}
   (You found it on level 5 of the Dungeon)

   It inflicts extra damage upon your enemies.
   It affects your strength (+5).
Missiles
 f - 36 poisoned needles
 h - 131 sling bullets
 l - 4 tomahawks of dispersal (quivered)
 G - 46 bolts
 S - a throwing net
Armour
 c - a +0 shield (worn)
 n - a +0 chain mail
 q - a +0 pair of gloves (worn)
 u - a +4 ring mail of magic resistance (worn)
 H - a scarf of resistance (worn)
Jewellery
 D - a ring of magical power (right hand)
 N - a ring of magical power (left hand)
 Q - an amulet of magic regeneration (around neck)
Wands
 J - a wand of flame (3)
 M - a wand of paralysis (8)
Scrolls
 d - a scroll of fear
 e - 14 scrolls of identify
 g - 2 scrolls of blinking
 r - 5 scrolls of teleportation
 v - 8 scrolls of remove curse
 w - a scroll of fog
 x - 2 scrolls of enchant weapon
 y - 5 scrolls of immolation
Potions
 j - 4 potions of ambrosia
 k - a potion of resistance
 m - 2 potions of haste
 p - 2 potions of might
 z - 3 potions of agility
 A - 4 potions of brilliance {unknown}
 B - 3 potions of curing
 C - 3 potions of lignification {unknown}
 E - 3 potions of cancellation {unknown}
 I - a potion of mutation {unknown}
 O - a potion of invisibility {unknown}
Comestibles
 o - 20 rations


   Skills:
 + Level 11.7 Fighting
 + Level 8.3 Short Blades
 - Level 7.2 Axes
 + Level 2.8 Throwing
 + Level 11.7 Armour
 + Level 11.6 Shields
 + Level 7.9 Invocations


You had 11 spell levels left.
You didn't know any spells.
Your spell library contained the following spells:

 Spells                   Type           Power        Failure   Level  Hunger
 Apportation              Tloc           #.....       75%         1    ##.....
 Summon Butterflies       Summ           #.......     75%         1    ##.....
 Ensorcelled Hibernation  Hex/Ice        #.....       87%         2    ###....
 Lesser Beckoning         Tloc           #.........   98%         3    ####...
 Tukima's Dance           Hex            #.......     98%         3    ####...
 Alistair's Intoxication  Tmut/Pois      #.......     100%        5    ######.
 Borgnjor's Vile Clutch   Necr/Erth      #.........   100%        5    ######.
 Silence                  Hex/Air        #.........   100%        5    ######.
 Darkness                 Hex            #.........   100%        6    #######
 Invisibility             Hex            #.......     100%        6    #######
 Shadow Creatures         Summ           N/A          100%        6    #######


Dungeon Overview and Level Annotations

Branches:
Dungeon (11/15)            Temple (0/1) D:7            Lair (2/6) D:11
    Orc (2/2) D:10
  Swamp: Lair:2-4    Shoals: Lair:2-4     Snake: Lair:2-4    Spider: Lair:2-4
    Elf: Orc:2

Altars:
Dithmenos
Elyvilon
Fedhas
Makhleb
Nemelex Xobeh
Sif Muna
Uskayaw
The Shining One

Shops:
D:4 :   D:8 (   D:9 *   Orc:1 }


Innate Abilities, Weirdness & Mutations

You reflexively headbutt those who attack you in melee.
You have a pair of horns on your head.


Message History

The orc warrior is heavily wounded.
The orc warlord hits you from afar with a +0 glaive!
* * * LOW HITPOINT WARNING * * *
You barely miss the orc warrior.
You headbutt the orc warrior, but do no damage.
The orc warrior is heavily wounded.
You block the orc warrior's attack.
You hit the orc warrior but do no damage.
You headbutt the orc warrior!
The orc warrior is severely wounded.
You block the orc warlord's attack.
You hit the orc warrior. You freeze the orc warrior.
You kill the orc warrior!
The orc warlord misses you.
You hit the orc warlord but do no damage.
The orc warlord is lightly wounded.
You hit the orc warlord but do no damage.
The orc warlord is lightly wounded.
The orc warlord hits you with a +0 glaive!!
You die...

. .... .. .#..$..## .
...........## #
#..#........## ###
#............##
4.###....#........##
o4.#.....##......).##
#o†#....#####..o@...#
##.o....#.##.......##
###..............<##
##.##......)...##
####...[[$.$.##
##....[)### #..?...#
##.<$### ##..#


You could see an orc warlord.

Vanquished Creatures
  Harold (D:7)
  3 hydras (Lair:1)
  A two-headed ogre (D:8)
  An orc high priest (Orc:1)
  Pikel (D:4)
  An orc sorcerer (Orc:2)
  3 spiny frogs (Lair:1)
  3 komodo dragons
  5 trolls
  Prince Ribbit (D:6)
  4 blink frogs (Lair:2)
  2 hippogriffs
  A spriggan (D:7)
  A wyvern (D:8)
  12 yaks
  A hungry ghost (D:11)
  A soldier ant (D:10)
  3 wargs
  3 water moccasins
  A swamp drake (D:10)
  16 orc warriors
  2 ice beasts
  3 sky beasts
  A black bear (D:6)
  4 ogres
  4 phantoms
  5 centaurs
  2 crocodiles (Lair:1)
  2 big kobolds
  2 elf zombies
  8 bullfrogs
  3 elf skeletons (D:4)
  A water moccasin zombie (D:8)
  A scorpion (D:5)
  A water moccasin skeleton (D:10)
  10 killer bees
  4 wights (D:8)
  3 howler monkeys (D:10)
  4 crimson imps
  2 bullfrog zombies (D:8)
  16 orc priests
  A gnoll shaman (D:4)
  2 jellies
  2 bullfrog skeletons (D:8)
  5 hounds
  3 centaur skeletons
  3 human skeletons (D:4)
  21 orc wizards
  Natasha (thrice) (D:3)
  Terence (D:2)
  6 iguanas
  9 worker ants
  A big kobold zombie (Ossuary)
  2 hound zombies
  A hound skeleton (D:6)
  4 mummies (Ossuary)
  8 adders
  6 gnolls
  2 shadow imps
  2 oozes
  4 adder zombies
  4 worms (D:3)
  2 dart slugs
  9 leopard geckos
  59 orcs
  3 ball pythons
  3 bats
  4 giant cockroaches
  5 goblins
  6 hobgoblins
  8 jackals
  7 quokkas
  5 frilled lizards
  3 gnoll zombies (Ossuary)
  A goblin zombie (Ossuary)
  A hobgoblin zombie (Ossuary)
  13 kobolds
  A kobold zombie (Ossuary)
  3 orc skeletons (D:4)
  2 orc zombies
  A quokka zombie (D:5)
  8 rats
  A rat zombie (Ossuary)
  A plant (Lair:1)
379 creatures vanquished.

Vanquished Creatures (others)
  Sigmund (D:4)
  An orc (D:4)
2 creatures vanquished.

Grand Total: 381 creatures vanquished

Notes
Turn   | Place    | Note
-------+----------+-------------------------------------------
     0 | D:1      | teukkam the Minotaur Fighter began the quest for the Orb.
     0 | D:1      | Reached XP level 1. HP: 19/19 MP: 0/0
    70 | D:2      | Reached XP level 2. HP: 19/27 MP: 1/1
    71 | D:2      | Found a white marble altar of Elyvilon.
    74 | D:2      | You fall through a shaft!
   104 | D:4      | Noticed a phantom
   141 | D:4      | Reached XP level 3. HP: 18/33 MP: 2/2
   143 | D:4      | Killed a phantom
   143 | D:4      | Reached XP level 4. HP: 21/41 MP: 3/3
   197 | D:4      | Reached XP level 5. HP: 18/47 MP: 4/4
   313 | D:4      | Reached skill level 5 in Fighting
   313 | D:4      | Reached skill level 5 in Armour
   313 | D:4      | Reached skill level 5 in Shields
   313 | D:4      | Reached XP level 6. HP: 34/56 MP: 5/5
   316 | D:4      | Found a sand-covered staircase.
   432 | Ossuary  | Entered an ossuary
  1008 | D:4      | Reached skill level 5 in Axes
  1008 | D:4      | Reached XP level 7. HP: 53/62 MP: 6/6
  1105 | D:4      | Noticed Sigmund
  1111 | D:4      | Noticed Pikel
  1152 | D:3      | Noticed Natasha
  1163 | D:3      | Killed Natasha
  1265 | D:3      | Noticed Natasha
  1272 | D:3      | Killed Natasha
  1391 | D:3      | Found a burning altar of Makhleb.
  1528 | D:3      | Noticed Natasha
  1536 | D:3      | Killed Natasha
  1627 | D:2      | Found a blossoming altar of Fedhas.
  2800 | D:2      | Found a faded altar of an unknown god.
  2809 | D:2      | Became a worshipper of Uskayaw the Reveler
  2809 | D:2      | Reached * piety under Uskayaw
  2843 | D:2      | Noticed Terence
  2850 | D:2      | Killed Terence
  2947 | D:2      | Found a sparkling altar of Nemelex Xobeh.
  3224 | D:4      | Reached ** piety under Uskayaw
  3228 | D:4      | Killed Pikel
  3228 | D:4      | Reached XP level 8. HP: 10/71 MP: 7/7
  3522 | D:4      | Killed Sigmund
  3670 | D:4      | Found a deep blue altar of Sif Muna.
  3828 | D:5      | Entered Level 5 of the Dungeon
  4007 | D:5      | Reached skill level 1 in Invocations
  4716 | D:5      | Got an iridescent rapier
  4717 | D:5      | Identified the cursed +1 rapier of Checkmate {pierce,
                  | Str+5} (You found it on level 5 of the Dungeon)
  4864 | D:4      | Found Ecaegoysm's Book Emporium.
  5026 | D:4      | Reached *** piety under Uskayaw
  5035 | D:4      | Reached XP level 9. HP: 63/80 MP: 9/9
  5249 | D:6      | Reached skill level 1 in Short Blades
  5696 | D:6      | Noticed Prince Ribbit
  5708 | D:6      | Killed Prince Ribbit
  6336 | D:7      | Noticed Harold
  6373 | D:7      | Killed Harold
  6373 | D:7      | Reached XP level 10. HP: 41/91 MP: 3/12
  6615 | D:7      | Found a staircase to the Ecumenical Temple.
  7213 | D:8      | Found Wech's Antique Weapon Shoppe.
  7221 | D:8      | Bought an encrusted dagger for 119 gold pieces
  7221 | D:8      | Identified the +7 dagger of Wariness {freeze, rElec rF++
                  | rN+ Str-4} (You bought it in a shop on level 8 of the
                  | Dungeon)
  7300 | D:8      | Found a glowing golden altar of the Shining One.
  7326 | D:8      | Reached **** piety under Uskayaw
  7363 | D:8      | Reached skill level 5 in Invocations
  7776 | D:8      | Noticed a two-headed ogre
  7792 | D:8      | Killed a two-headed ogre
  7792 | D:8      | Reached skill level 5 in Short Blades
  8293 | D:9      | Reached skill level 10 in Armour
  8565 | D:9      | Reached skill level 10 in Fighting
  8565 | D:9      | Reached skill level 10 in Shields
  8574 | D:9      | Found a shadowy altar of Dithmenos.
  8812 | D:9      | Found Ziokhloips's Mass Market.
  9270 | D:10     | Entered Level 10 of the Dungeon
  9306 | D:10     | Reached ***** piety under Uskayaw
  9307 | D:10     | Reached XP level 11. HP: 92/99 MP: 14/14
  9723 | D:10     | Found a staircase to the Orcish Mines.
 10524 | Orc:1    | Entered Level 1 of the Orcish Mines
 10606 | D:11     | Found a staircase to the Lair.
 10637 | Lair:1   | Entered Level 1 of the Lair of Beasts
 10674 | Lair:1   | Noticed a four-headed hydra
 10685 | Lair:1   | Killed a four-headed hydra
 11440 | Lair:1   | Noticed an eight-headed hydra
 11458 | Lair:1   | Killed an eight-headed hydra
 11738 | Lair:1   | Noticed a six-headed hydra
 11753 | Lair:1   | Killed a six-headed hydra
 12472 | Lair:2   | Reached skill level 1 in Throwing
 12600 | Lair:1   | Reached XP level 12. HP: 94/110 MP: 16/16
 12686 | Lair:1   | Noticed an eight-headed hydra
 13131 | Orc:1    | Noticed an orc high priest
 13146 | Orc:1    | Killed an orc high priest
 13519 | Orc:1    | Found Ositwini's Gadget Boutique.
 13872 | Orc:2    | Entered Level 2 of the Orcish Mines
 13911 | Orc:2    | Noticed an orc warlord
 14758 | Orc:2    | Slain by an orc warlord

Skill      XL: |  1  2  3  4  5  6  7  8  9 10 11 12 |
---------------+-------------------------------------+-----
Fighting       | 4 5 6 7 9 10 11 | 11.7
Axes           | 3 4 5 6 7 |  7.2
Armour         | 4 5 6 7 9 10 11 | 11.7
Shields        | 4 5 6 7 9 10 11 | 11.6
Invocations    | 2 4 5 7 |  7.9
Short Blades   | 4 6 7 8 |  8.3
Throwing       | 1 2 |  2.8

Action                   |  1- 3 |  4- 6 |  7- 9 | 10-12 || total
-------------------------+-------+-------+-------+-------++-------
Melee: War axe           |    23 |    86 |   244 |       ||   353
       Headbutt          |     5 |    23 |    71 |   149 ||   248
       Rapier            |       |       |   178 |    52 ||   230
       Dagger            |       |       |       |   687 ||   687
 Fire: Blowgun           |       |       |       |    64 ||    64
Throw: Throwing net      |       |       |       |     1 ||     1
       Tomahawk          |       |       |       |     1 ||     1
Invok: Line Pass         |       |       |     6 |    18 ||    24
       Stomp             |       |       |       |    11 ||    11
Evoke: Wand              |       |       |       |    11 ||    11
  Use: Scroll            |     2 |       |    10 |     3 ||    15
       Potion            |     1 |       |     7 |     3 ||    11
 Stab: Confused          |       |       |     1 |     3 ||     4
       Paralysed         |       |       |     4 |    34 ||    38
  Eat: Chunk             |       |       |     9 |    15 ||    24
       Ration            |       |       |     3 |     6 ||     9
Armor: Scale mail        |     9 |    30 |   131 |       ||   170
       Chain mail        |       |       |    44 |       ||    44
       Ring mail         |       |       |       |   227 ||   227
Dodge: Dodged            |     8 |    20 |   108 |   192 ||   328
Block: Shield            |    10 |    33 |   222 |   415 ||   680
